Cogmind - Beta 13 @@@ ROGUE MODE // 2024.04.03 @ 00:49:57 Player: oberon720 Result: Destroyed by G-34 Mercenary with Small Laser Performance ------------- Evolutions (1) 500 Regions Visited (2) 400 Robots Destroyed (34) 170 Value Destroyed (590) 590 Prototype IDs (0) 0 Alien Tech Used (0) 0 Bonus (0) 0 TOTAL SCORE: 1660 Bonus ------- None Cogmind --------- Core Integrity 0/400 Matter 300/300 Energy 100/100 System Corruption 9% Temperature Cool (6) Movement Core (350) Ox6 Location -9/Materials Parts ------- > --- POWER (1) -------- (None) > --- PROPULSION (3) --- (None) > --- UTILITY (3) ------ Large Storage Unit Core Shielding > --- WEAPON (2) ------- (None) > --- INVENTORY (15) --- Light Ion Engine Heat Sink High-capacity Matter Pod (200) Weight Redist. System Machine Analyzer Visual Processing Unit Seismic Detector Transport Network Coupler ECM Suite Weapon Shielding Weapon Shielding Hacking Suite Datajack Peak State ------------ > --- POWER ------------ Ion Engine > --- PROPULSION ------- Light Treads Light Treads Improved Treads > --- UTILITY ---------- Large Storage Unit Structural Scanner Sensor Array > --- WEAPON ----------- Heavy Assault Rifle Flak Cannon > --- INVENTORY -------- Light Ion Engine Heat Sink High-capacity Matter Pod Weight Redist. System Machine Analyzer Visual Processing Unit Seismic Detector Transport Network Coupler ECM Suite Core Shielding Weapon Shielding Weapon Shielding Medium Armor Plating Hacking Suite Datajack [Rating: 15] Favorites ----------- Power Ion Engine Engine Ion Engine Propulsion Light Treads Treads Light Treads Utility Large Storage Unit Device Structural Scanner Storage Large Storage Unit Protection Core Shielding Weapon Light Assault Rifle Ballistic Gun Light Assault Rifle Ballistic Cannon Flak Cannon Build | -11 -10 -9 ------- Run | Yrd Mat Mat Slots Evolved 2 | . . 2 Power . | . . . Propulsion 1 | . . 1 Utility 1 | . . 1 Weapon . | . . . Parts Attached 27 | 6 8 13 Power 5 | 1 2 2 Engine 5 | 1 2 2 Core . | . . . Reactor . | . . . Propulsion 7 | 2 1 4 Treads 7 | 2 1 4 Leg . | . . . Wheel . | . . . Hover . | . . . Flight . | . . . Utility 8 | 2 3 3 Device 3 | 1 1 1 Storage 3 | 1 2 . Processor . | . . . Hackware . | . . . Protection 2 | . . 2 Artifact . | . . . Weapon 7 | 1 2 4 Energy Gun . | . . . Energy Cannon . | . . . Ballistic Gun 6 | 1 2 3 Ballistic Cannon 1 | . . 1 Launcher . | . . . Special Weapon . | . . . Impact Weapon . | . . . Slashing Weapon . | . . . Piercing Weapon . | . . . Special Melee Weapon . | . . . Unidentified Prototypes . | . . . Parts Lost 7 | . . 7 Power 1 | . . 1 Propulsion 3 | . . 3 Utility 1 | . . 1 Weapon 2 | . . 2 Highest Loss Streak 6 | . . 6 To Critical Strikes . | . . . Average Slot Usage (%) 93 | . 98 84 Engine 12 | . 14 9 Treads 26 | . 27 24 Device 15 | . 14 19 Storage 12 | . 14 11 Ballistic Gun 24 | . 26 18 Naked Turns . | . . . Heaviest Build 36 | 13 29 36 Greatest Support 63 | 40 40 63 Greatest Overweight (x) 8 | . . 8 Average Overweight (x) . | . . . Largest Inventory Capacity 15 | 8 15 15 Average Capacity 14 | 7 14 15 Most Carried 15 | 4 15 15 Average Carried 9 | . 7 14 Final Capacity 15 | 8 15 15 Final Carried 14 | . 14 13 Class Distribution -------------------- 99% | Mutant Dominant Class ---------------- Mutant | -10/Materials Mutant | -9/Materials Resources | -11 -10 -9 ----------- Run | Yrd Mat Mat Matter Collected 1031 | 263 431 337 Remotely . | . . . Salvage Created 1037 | 16 359 662 Parts 83 | 4 25 54 Haulers Intercepted 4 | . 2 2 Recyclers Shooed 3 | . 1 2 Parts Field Recycled . | . . . Retrieved Matter . | . . . Parts Self-Destructed . | . . . Prevented . | . . . Kills | -11 -10 -9 ------- Run | Yrd Mat Mat Combat Hostiles Destroyed 16 | . 6 10 Guns 15 | . 6 9 AOE 1 | . . 1 Classes Destroyed 12 | 1 5 6 Worker 2 | . . 2 Builder 2 | . . 2 Tunneler 1 | 1 . . Hauler 4 | . 2 2 Recycler 2 | . . 2 Mechanic 1 | . . 1 Operator 2 | . 2 . Watcher 4 | . 2 2 Swarmer 7 | . 3 4 Grunt 4 | . 3 1 Brawler 1 | . . 1 Sentry 4 | . . 4 Best Kill Streak 10 | 1 3 10 Combat Bots Only 4 | . 3 4 Max Kills in Single Turn 6 | 1 1 6 Gunslinging . | . . . Exploded 1 | . . 1 Melee . | . . . Uniques/NPCs Destroyed . | . . . Combat | -11 -10 -9 -------- Run | Yrd Mat Mat Hostile Shots Fired 204 | . 42 162 Missed 63 | . 14 49 Damage Taken 1690 | . 259 1431 Core 435 | . 27 408 Absorbed by Shields . | . . . Redirected to Shielding 14 | . . 14 Regen/Repaired (Parts) 96 | . 96 . Core Remaining (%) 94 | 100 89 . Volleys Fired 115 | 1 46 68 Largest 2 | 1 2 2 Hottest 44 | 20 40 44 Shots Fired 189 | 1 79 109 Gun 187 | 1 79 107 Cannon 2 | . . 2 Launcher . | . . . Special . | . . . Kinetic 189 | 1 79 109 Thermal . | . . . Explosive . | . . . Electromagnetic . | . . . Robot Hit Streak 14 | 1 4 14 Robot Miss Streak 4 | . 4 2 Penetration Max . | . . . Secondary Targets 2 | . 1 1 Max Gunslinging Chain 1 | . 1 1 Shots Hit Robots 126 | 1 47 78 Core Hits 58 | 1 21 36 Critical Kills . | . . . Critical Parts Destroyed . | . . . Critical Strikes . | . . . Melee Attacks . | . . . Impact . | . . . Slashing . | . . . Piercing . | . . . Sneak Attacks . | . . . Combat Hostiles . | . . . Follow-up Attacks . | . . . Damage Inflicted 2043 | 13 535 1495 Guns 1459 | 13 535 911 Cannons . | . . . Explosions 569 | . . 569 Melee . | . . . Ramming 15 | . . 15 Kinetic 1459 | 13 535 911 Thermal . | . . . Explosive 569 | . . 569 Electromagnetic . | . . . Impact . | . . . Slashing . | . . . Piercing . | . . . Highest Corruption 9 | . . 9 Average Corruption 5 | . . 5 Corruption Purged . | . . . Corruption Blocked . | . . . Effects 22 | . . 22 Message Errors 6 | . . 6 Matter Fused 6 | . . 6 Heat Flow Errors 3 | . . 3 Energy Discharges 1 | . . 1 Parts Rejected 2 | . . 2 Data Loss (minor) 1 | . . 1 Misfires 1 | . . 1 Weapon Failures 2 | . . 2 Overload Shots . | . . . Overflow Damage 35 | . . 35 Projectiles . | . . . Explosions 35 | . . 35 Melee . | . . . Knockbacks . | . . . Impact . | . . . Kinetic . | . . . Secondary . | . . . Self-Inflicted Damage 110 | . . 110 Shots 1 | . . 1 Rammed 23 | . . 23 Targets Rammed 23 | . . 23 Kicked . | . . . Crushed . | . . . Highest Temperature 228 | . 12 228 Average Temperature 51 | . 6 65 Received Heat Transfer 594 | . 84 510 Siege Activations . | . . . Robots Corrupted . | . . . Combat Hostiles . | . . . Parts Fried . | . . . Impact Corruptions . | . . . Robots Melted . | . . . Combat Hostiles . | . . . Parts Melted . | . . . Heat Transferred . | . . . Parts Sabotaged . | . . . Parts Stolen . | . . . Parts Stripped . | . . . Power Chain Reactions . | . . . Alert | -11 -10 -9 ------- Run | Yrd Mat Mat Peak Influence 327 | 5 157 327 Initial 3 | . 3 . Average 67 | 3 25 156 Maximum Alert Level 1 | . . 1 Low Security (%) 87 | 100 100 61 Level 1 12 | . . 38 Level 2 . | . . . Level 3 . | . . . Level 4 . | . . . Level 5 . | . . . High Security . | . . . Max Security . | . . . Squads Dispatched 2 | . 2 . Investigation . | . . . Extermination . | . . . Reinforcement 2 | . 2 . Assault . | . . . Garrison . | . . . Intercept . | . . . Searches Triggered . | . . . Construction Impeded . | . . . Haulers Reinforced . | . . . Active Scanning Responses . | . . . Cargo Convoy Interrupts . | . . . Stealth | -11 -10 -9 --------- Run | Yrd Mat Mat Distress Signals 3 | . 1 2 Communications Jammed . | . . . Distress Signals . | . . . Times Spotted 25 | . 12 13 Peak Tracking Total 5 | . 4 5 Tactical Retreats . | . . . Traps | -11 -10 -9 ------- Run | Yrd Mat Mat Traps Triggered 2 | . . 2 Indirectly . | . . . Trap Hack Attempts . | . . . Triggered . | . . . Disarmed . | . . . Reprogrammed . | . . . Reused . | . . . Traps Extracted . | . . . Installed . | . . . Triggered . | . . . Machines | -11 -10 -9 ---------- Run | Yrd Mat Mat Machines Disabled 2 | . . 2 Max in Single Turn 2 | . . 2 Machines Repaired . | . . . Machines Dismantled . | . . . Machines Sabotaged . | . . . Overloaded Fab Kills . | . . . Hacking | -11 -10 -9 --------- Run | Yrd Mat Mat Machines Accessed 17 | . 10 7 Terminals 11 | . 7 4 Fabricators . | . . . Repair Stations 2 | . 1 1 Recycling Units 4 | . 2 2 Scanalyzers . | . . . Garrison Access . | . . . Total Hacks 47 | . 30 17 Successful 23 | . 18 5 Failed 24 | . 12 12 Catastrophic 5 | . 3 2 Database Lockouts . | . . . Manual 1 | . 1 . Terminals 27 | . 20 7 Fabricators . | . . . Repair Stations 9 | . 5 4 Recycling Units 11 | . 5 6 Scanalyzers . | . . . Garrison Access . | . . . Terminal Hacks 12 | . 9 3 Record 1 | . . 1 Branch Access Points 1 | . 1 . Terminal Index 1 | . 1 . Alert Level 1 | . 1 . Locate Traps 5 | . 5 . Transport Status 1 | . . 1 Investigation Status 1 | . 1 . Zone Layout 1 | . . 1 Fabricator Hacks . | . . . Repair Station Hacks 5 | . 4 1 Scan Component 3 | . 2 1 Repair 2 | . 2 . Recycling Unit Hacks 6 | . 5 1 Process 1 | . 1 . Report Inventory 4 | . 4 . Retrieve Components 1 | . . 1 Scanalyzer . | . . . Garrison Access Hacks . | . . . Unauthorized Hacks . | . . . Terminals . | . . . Fabricators . | . . . Repair Stations . | . . . Recycling Units . | . . . Scanalyzers . | . . . Garrison Access . | . . . Data Cores Recovered . | . . . Used . | . . . Hacking Detections 16 | . 9 7 Full Trace Events 1 | . . 1 Feedback Events . | . . . Feedback Blocked . | . . . Robot Schematics Acquired . | . . . Robots Built . | . . . Authchips . | . . . Time . | . . . Total Robot Build Rating . | . . . Part Schematics Acquired . | . . . Parts Built . | . . . Authchips . | . . . Time . | . . . Total Part Build Rating . | . . . Parts Repaired 2 | . 2 . Time 52 | . 52 . Parts Recycled . | . . . Recycled Matter 22 | . 22 . Retrieved Matter . | . . . Retrieved Components . | . . . Parts Scanalyzed . | . . . Part Schematics Acquired . | . . . Parts Damaged . | . . . Bothacking | -11 -10 -9 ------------ Run | Yrd Mat Mat Used RIF Installer . | . . . Robots Hacked . | . . . Non-combat . | . . . Combat . | . . . Robot Hacks Applied . | . . . Relay Couplers Released . | . . . Fabnet Peak Effective % . | . . . Robots Rewired . | . . . Allies Hacked . | . . . Hacks Repelled . | . . . Allies | -11 -10 -9 -------- Run | Yrd Mat Mat Total Allies . | . . . Largest Group . | . . . Highest-Rated Group . | . . . Highest-Rated Ally . | . . . Total Orders . | . . . Ally Attacks . | . . . Total Damage . | . . . Kills . | . . . Allies Corrupted . | . . . Allies Melted . | . . . Intel | -11 -10 -9 ------- Run | Yrd Mat Mat Robot Analysis Total . | . . . Derelict Logs Recovered . | . . . Drone Launches . | . . . Drone Recoveries . | . . . Exploration | -11 -10 -9 ------------- Run | Yrd Mat Mat Turns Passed 2714 | 71 1754 889 Spaces Moved 1362 | 44 948 370 Core 17 | 11 . 6 Treads 1345 | 33 948 364 Legs . | . . . Wheels . | . . . Hover . | . . . Flight . | . . . Fastest Speed 50 | 50 160 160 Average Speed 160 | 132 160 164 Slowest Speed 450 | 160 160 450 Overloaded Moves . | . . . Propulsion Burnouts . | . . . Robots Hopped . | . . . Cave-ins Triggered . | . . . Exploration Rate (%) 47 | 5 100 37 Regions Visited 2 Branch Regions . Pre-discovered Areas . | . . . Known Exits Taken . | . . . Unknown Exits Taken 2 | 1 1 . Scrap Searched . | . . . Spaces Dug . | . . . Terrain Destroyed 27 | . . 27 Melee . | . . . Projectile . | . . . AOE 27 | . . 27 Terrain Rammed . | . . . Walls Destroyed . | . . . Machines Disabled . | . . . Actions | -11 -10 -9 --------- Run | Yrd Mat Mat Total 1658 | 56 1113 489 Wait 85 | . 85 . Move 1360 | 43 947 370 Hop . | . . . Pick Up 34 | 6 22 6 Fast Attach 3 | . . 3 Attach 13 | 6 3 4 Detach . | . . . Swap 11 | . 5 6 Drop 14 | . 5 9 Fire 115 | 1 46 68 Melee . | . . . Ram 23 | . . 23 Kick . | . . . Crush . | . . . Escape Stasis . | . . . Rewire . | . . . Trap . | . . . Miscellaneous . | . . . Route ------- -11/Scrapyard -10/Materials (discovered 5 exits: *Mat x3 / *Min / [*Sub]) -9/Materials (discovered 1 exit: [*Mat]) History --------- Turn | Location | Event 6 | -11/Scrapyard | Discovered new exit (range 15) 72 | -11/Scrapyard | Entered Materials 371 | -10/Materials | Discovered new exit (range 12) 399 | -10/Materials | Identified exit to Mines 559 | -10/Materials | Build established: Mutant 1049 | -10/Materials | Discovered new exit (range 7) 1227 | -10/Materials | Discovered new exit (range 14) 1394 | -10/Materials | Discovered new exit (range 13) 1663 | -10/Materials | Repaired Lgt. Treads 1691 | -10/Materials | Repaired Lgt. Assault Rifle 1826 | -10/Materials | Entered another Materials area 1826 | -9/Materials | Evolved 2 slots: Propulsion x1, Utility x1 2435 | -9/Materials | Discovered new exit (range 16) 2638 | -9/Materials | Core integrity fell below 50% 2652 | -9/Materials | Lost 6 parts (1p2n1u2w) 2670 | -9/Materials | Core integrity fell below 20% 2715 | -9/Materials | Destroyed by G-34 Mercenary with Small Laser Last Messages --------------- System corrupted: Matter fused (-9). Slammed into G-34 Mercenary. Destabilizing: Core damaged (-8). Slammed into G-34 Mercenary. System corrupted: Matter fused (-10). Slammed into G-34 Mercenary. Destabilizing: Core damaged (-4). Slammed into G-34 Mercenary. Acquired 2 matter. Slammed into G-34 Mercenary. K-01 Serf collects debris. Slammed into G-34 Mercenary. K-01 Serf collects debris. System corrupted: Med. Armor Plating rejected. Slammed into G-34 Mercenary. Destabilizing: Core damaged (-20). K-01 Serf collects debris. Slammed into G-34 Mercenary. K-01 Serf collects debris. Slammed into G-34 Mercenary. Map ----- +----------------------------------------------------+ | ?????????????????## ##???????????????? | | ?????????????????## ##########???????? | | #########################+################???????? | | ####################### ####### ##???????? | | ## ##??###### | | ## < T ! ##??###### | | ## ! ##??##!!]] | | #####+#############+### ####### ######!!] | | ## !## ### ##########+######## | | ## ## """"""" ### ###??## !##### ] | | ##[ ## """"""" ### ##???## """ ##### | | ## ## """"""" ### ##???## """ ##### | | ## ## """"""" ### ##???## """ + | | ## ## """"""" ### ##???## ##### | | ## ## ### ##???## [##### | | ## ## ! ### ##???## ""T"" + #### | | ## ############## ##???## """"" ## #### | | ###################### # ##???## ## #### | | ############????????## ##???############+#### | | ????????????????????## # ##???####### """" # | | ????????????????????#### ###???????## ""T" # | | ????????????????????#### ############ # | | ?????????????????????## ########### """ """ + | | ?????????????????????## %% #### """ """ # | | ?????????????????????##%%% k + """ """ # | | ?????????????????????## %@g r%% #### # | | ?????????????????????## % ###### #### # | | ????????????????????? ############ ############## | | ????????????????????? ########???? ############## | | ???????????????????????????????????????????????## | | ??????????????????????????????????????????????### | | ??????????????????????????????????????????????## | | ?????????????????????????????????????????????? | | ????????????????????????????????????????????? | | ???????????????????????????????????????????? | | ????????????????????????????????????????????#+## | | ???????????????????????????????????????????? ### | | ?????????????????????????????????????????????? # | | ?????????????????????????????????????????????????? | | ?????????????????????????????????????????????????? | | ?????????????????????????????????????????????????? | | ?????????????????????????????????????????????????? | | ?????????????????????????????????????????????????? | | ?????????????????????????????????????????????????? | | ?????????????????????????????????????????????????? | | ?????????????????????????????????????????????????? | | ?????????????????????????????????????????????????? | | ?????????????????????????????????????????????????? | | ?????????????????????????????????????????????????? | | ?????????????????????????????????????????????????? | +----------------------------------------------------+ Best States ------------- Heat Dissipation 28 Energy Generation 12 Energy Capacity 265 Matter Stores 300 Matter Capacity 300 Sight Range 16 Robot Scan Range 14 Terrain Scan Range 16 Terrain Scan Density 10 Armor Coverage 225 Core Shielding 20 Evasion (%) 50 Recoil Reduction 3 Item Schematics ----------------- None Robot Schematics ------------------ None Fabricated ------------ Nothing Alien Tech Used ----------------- None Achievements -------------- None Challenges ------------ None Game ------ Seed SwordPulseRail Manual? 0 Play Time 00:24:38 Cumulative 24.6 hours Start 2024.04.03 @ 00:27:09 End 2024.04.03 @ 00:49:57 Sessions 1 Manual Loads 0 Difficulty Rogue Special Mode None Game No. 52 Rogue 49 Adventurer 0 Explorer 3 Win Type - Total 0 Types 0/0/0/0/0/0/0/0/0 Lore% 21 Gallery% 30 Achievement% 25 Wizard Run 0 Options --------- Layout 0 ASCII 0 Keyboard 0 Movement Mouse Keybinds 0 Fullscreen 2 Font 18/SmallcapsGlow Map View 76x50 Zoom Use 0% Tactical HUD 0 Map Filters NONE Filters NONE Steam 1 RUN: 0bcd369f-3bb8-405f-942b-c2d086737046